 Dungeon Crawl Stone Soup version 0.29-a0-337-g68df138881 (webtiles) character file.

Game seed: 2692629783540230732

540 Jortsu the Covered (level 7, -17/61 HPs)
             Began as a Hill Orc Fighter on Apr 16, 2022.
             Was a Follower of Beogh.
             Demolished by a two-headed ogre
             ... wielding a +0 giant club
              (20 damage)
             ... on level 5 of the Dungeon.
             The game lasted 00:04:51 (4136 turns).

Jortsu the Covered (Hill Orc Fighter)               Turns: 4136, Time: 00:04:52

Health: -17/61     AC: 12    Str: 21    XL:     7   Next: 26%
Magic:  7/7        EV:  8    Int:  8    God:    Beogh [*.....]
Gold:   256        SH:  0    Dex: 10    Spells: 6/6 levels left

rFire   . . .      SeeInvis .   l - +2 quarterstaff (speed)
rCold   . . .      Faith    .   (shield currently unavailable)
rNeg    + . .      Spirit   .   t - +0 chain mail
rPois   .          Reflect  .   (no helmet)
rElec   .          Harm     .   b - +0 cloak
rCorr   .          Rampage  .   (no gloves)
Will    .....                   p - +0 pair of boots
Stlth   ..........              (no amulet)
HPRegen 0.20/turn               o - ring of positive energy
MPRegen 0.10/turn               (no ring)

@: no status effects
A: no striking features
a: Renounce Religion


You were on level 5 of the Dungeon.
You worshipped Beogh.
Beogh was aware of your devotion.
You visited 1 branch of the dungeon, and saw 5 of its levels.

You collected 256 gold pieces.

Inventory:

Hand Weapons
 a - a +0 war axe
 l - a +2 quarterstaff of speed (weapon)
Armour
 b - a +0 cloak (worn)
 c - a +1 buckler
 p - a +0 pair of boots (worn)
 t - a +0 chain mail (worn)
Jewellery
 e - an amulet of magic regeneration
 o - a ring of positive energy (left hand)
Wands
 q - a wand of mindburst (14)
 x - a wand of paralysis (8)
Scrolls
 d - a scroll of amnesia {unknown}
 f - 2 scrolls of teleportation
 i - 2 scrolls of magic mapping
 j - 2 scrolls of fog
 n - a scroll of enchant armour
 r - a scroll of identify
 s - 2 scrolls of immolation
Potions
 g - 2 potions of cancellation
 h - 2 potions of attraction
 k - 4 potions of curing
 m - 2 potions of berserk rage
 u - a potion of haste
 v - a potion of brilliance {unknown}
 w - 2 potions of lignification {unknown}


   Skills:
 + Level 5.1 Fighting
 + Level 4.3 Axes
 + Level 3.9 Staves
 + Level 5.1 Armour
 + Level 1.2 Dodging
 + Level 0.3 Stealth
 + Level 3.6 Shields


You had 6 spell levels left.
You didn't know any spells.
Your spell library contained the following spells:

 Spells                   Type           Power      Damage    Failure   Level
 Animate Skeleton         Necr           0%         N/A       98%         1
 Apportation              Tloc           0%         N/A       98%         1
 Sting                    Tmut/Pois      0%         1d3       98%         1
 Summon Small Mammal      Summ           0%         N/A       98%         1
 Corpse Rot               Necr/Air       0%         N/A       99%         2
 Poisonous Vapours        Pois/Air       0%         N/A       99%         2
 Olgreb's Toxic Radiance  Pois           0%         N/A       100%        4


Dungeon Overview and Level Annotations

Branches:
Dungeon (5/15)
 Temple: D:4-7

Altars:
Makhleb
Okawaru


Message History

Things that are here:
a +2 dire flail of draining; a +0 ring mail
There is an open door, spattered with blood here.
Found 17 stones.
d - a scroll labelled EDITOCV REOLUSM You open the door.
You now have 256 gold pieces (gained 12).
You open the door. You open the door.
An ufetubus comes into view.
The ufetubus shouts!
A two-headed ogre comes into view. It is wielding two +0 giant clubs.
The two-headed ogre shouts in stereo!
The ufetubus barely misses you. The ufetubus misses you.
There is an open door here.
You thump the ufetubus!
You kill the ufetubus!
Beogh accepts your kill.
You sock the two-headed ogre!
The two-headed ogre is lightly wounded.
You thump the two-headed ogre!
The two-headed ogre is heavily wounded.
The two-headed ogre hits you with a +0 giant club.
The two-headed ogre hits you with a +0 giant club!!
You hit the two-headed ogre.
The two-headed ogre is heavily wounded.
You hit the two-headed ogre but do no damage.
The two-headed ogre is heavily wounded.
The two-headed ogre hits you with a +0 giant club!!
* * * LOW HITPOINT WARNING * * *
The two-headed ogre hits you with a +0 giant club.
* * * LOW HITPOINT WARNING * * *
You hit the two-headed ogre but do no damage.
The two-headed ogre is heavily wounded.
You barely miss the two-headed ogre.
The two-headed ogre is heavily wounded.
The two-headed ogre hits you with a +0 giant club!
* * * LOW HITPOINT WARNING * * *
The two-headed ogre hits you with a +0 giant club!!
You die...

######## '....... ........
######## .......## ##
........# .####### ... ...#
# ........ ... ..# .#
.##...## #.# #.###.#
.##...# #O# #.#...# .##...#
#.#####@####<..# .##...#
#...........#..# ..'...#
#####.....[.#..# ###...#
#.......##.# #.....######
#.......##.# #.....'...<.
#.......##.##
#.....########.......##..#
........))...........##..##
##############.......##...#


You could see a two-headed ogre.

Vanquished Creatures
  Edmund (D:5)
  A black bear (D:5)
  A hound (D:5)
  An orc priest (D:3)
  A jelly (D:4)
  2 iguanas
  An orc wizard (D:5)
  8 adders
  A white imp (D:3)
  An ufetubus (D:5)
  2 worms
  2 dart slugs
  11 orcs
  7 endoplasms
  3 giant cockroaches
  5 goblins
  5 hobgoblins
  4 jackals (D:4)
  5 quokkas
  7 ball pythons
  4 bats
  3 frilled lizards
  7 kobolds
  2 rats (D:2)
85 creatures vanquished.

Vanquished Creatures (others)
  An orc (D:3)
1 creature vanquished.

Grand Total: 86 creatures vanquished

Notes
Turn   | Place    | Note
-------+----------+-------------------------------------------
     0 | D:1      | Jortsu the Hill Orc Fighter began the quest for the Orb.
     0 | D:1      | Reached XP level 1. HP: 19/19 MP: 1/1
   105 | D:1      | Reached XP level 2. HP: 25/27 MP: 2/2
   407 | D:1      | Found a faded altar of an unknown god.
   782 | D:1      | Reached XP level 3. HP: 33/33 MP: 3/3
  1846 | D:3      | Reached XP level 4. HP: 40/40 MP: 4/4
  2272 | D:3      | Became a worshipper of Beogh the Brigand
  2314 | D:3      | Reached skill level 1 in Dodging
  2434 | D:3      | Reached XP level 5. HP: 46/46 MP: 5/5
  2648 | D:4      | Found an iron altar of Okawaru.
  2758 | D:4      | Reached skill level 1 in Staves
  2810 | D:4      | Found a burning altar of Makhleb.
  3340 | D:5      | Entered Level 5 of the Dungeon
  3451 | D:5      | Noticed a black bear
  3460 | D:5      | Reached XP level 6. HP: 45/52 MP: 6/6
  3482 | D:5      | Killed a black bear
  3835 | D:5      | Reached * piety under Beogh
  3978 | D:5      | Noticed Edmund
  3984 | D:5      | Killed Edmund
  3985 | D:5      | Reached skill level 5 in Fighting
  3985 | D:5      | Reached skill level 5 in Armour
  3985 | D:5      | Reached XP level 7. HP: 47/61 MP: 7/7
  4128 | D:5      | Noticed a two-headed ogre
  4136 | D:5      | HP: 3/61 [two-headed ogre/+0 giant club (13)]
  4136 | D:5      | Demolished by a two-headed ogre

Illustrated notes

Levels and vault maps discovered:
D:1:      psy_arrival_radial01, layout_basic, dreamdust_ecumenical_altar_statues
D:2:      layout_basic
D:3:      layout_rooms
D:4:      layout_basic, okawaru_ov_weapons_minmay, bloody_makhleb
D:5:      layout_basic, gammafunk_ghost_smash, uniq_edmund

Skill      XL: |  1  2  3  4  5  6 |
---------------+-------------------+-----
Fighting       | 4 5 |  5.1
Axes           | 3 4 |  4.3
Armour         | 4 5 |  5.1
Dodging        | 1 |  1.2
Staves         | 2 3 |  3.9
Stealth        | |  0.3
Shields        | |  3.6

Action                   |  1- 3 |  4- 6 |  7- 9 || total
-------------------------+-------+-------+-------++-------
Melee: War axe           |    93 |    19 |       ||   112
       Quarterstaff      |       |   151 |     7 ||   158
Invok: Convert to Beogh  |       |     1 |       ||     1
  Use: Scroll            |     6 |     8 |       ||    14
       Potion            |       |     1 |       ||     1
Armor: Scale mail        |    52 |    54 |       ||   106
       Chain mail        |       |    12 |       ||    12
Dodge: Dodged            |    53 |    65 |     2 ||   120
Block: Buckler           |    24 |     9 |       ||    33

Table legend: (Time is in decaauts)
 A = Elapsed time spent in this place.
 B = Non-inter-level travel time spent in this place.
 C = Inter-level travel time spent in this place.
 D = Time resting spent in this place.
 E = Time spent auto-exploring this place.
 F = Levels seen in this place.
 G = Mean time per level.
                   A        B        C        D        E       F      G
               +--------+--------+--------+--------+--------+-----+--------+
         Total |   4144 |   4005 |    139 |    721 |   2549 |   5 |  828.8 |
       Dungeon |   4144 |   4005 |    139 |    721 |   2549 |   5 |  828.8 |
               +--------+--------+--------+--------+--------+-----+--------+

Top non-repeatable levels by time:
     D:1: 1025 daAuts
     D:4: 852 daAuts
     D:2: 828 daAuts
     D:5: 775 daAuts
     D:3: 663 daAuts
